 Dungeon Crawl Stone Soup version 0.20-a0-927-g1ae2c61 (webtiles) character file.

171 Icer the Firebug (level 5, -1/28 HPs)
             Began as a Tengu Fire Elementalist on Mar 28, 2017.
             Slain by a kobold
             ... wielding a +0 short sword
              (3 damage)
             ... on level 3 of the Dungeon.
             The game lasted 00:14:42 (2802 turns).

Icer the Firebug (Tengu Fire Elementalist)          Turns: 2802, Time: 00:14:42

Health: -1/28      AC:  4    Str:  9    XL:     5   Next: 51%
Magic:  1/10       EV: 13    Int: 16    God:
Gold:   192        SH:  0    Dex: 14    Spells: 9/10 levels left

rFire    + . .     SeeInvis .   e - +0 club
rCold    . . .     Gourm    .   (no shield)
rNeg     . . .     Faith    .   a - +1 robe
rPois    .         Spirit   .   (helmet restricted)
rElec    .         Reflect  .   (no cloak)
rCorr    .         Harm     .   q - +0 pair of gloves
MR       .....                  (boots unavailable)
Stlth    ++........             i - amulet of inaccuracy (curse)
Regen    0.1/turn               g - ring of protection from fire
MPRegen  0.2/turn               (no ring)

@: no status effects
A: beak, talons 3, able to fly 1
a: Fly


You were on level 3 of the Dungeon.
You were not hungry.

You visited 1 branch of the dungeon, and saw 3 of its levels.

You collected 192 gold pieces.

Inventory:

Hand Weapons
 e - a +0 club (weapon)
 f - a +0 hunting sling
Missiles
 j - 11 poisoned needles
 m - 15 sling bullets
Armour
 a - a +1 robe (worn)
 k - a +0 robe
 q - a +0 pair of gloves (worn)
Jewellery
 g - a ring of protection from fire (left hand)
 i - a cursed amulet of inaccuracy (around neck)
Scrolls
 h - a scroll of fog
 l - a scroll of blinking
 n - a scroll of enchant armour
 o - a scroll of identify
Potions
 c - 2 potions of might
 d - 2 potions of lignification
 p - 2 potions of invisibility {unknown}
Books
 b - a book of Flames

   Spells                             Type                      Level
   a - Flame Tongue                   Conjuration/Fire             1
   b - Throw Flame                    Conjuration/Fire             2
   c - Conjure Flame                  Conjuration/Fire             3
   d - Inner Flame                    Hexes/Fire                   3
   e - Sticky Flame                   Conjuration/Fire             4
   f - Fireball                       Conjuration/Fire             5
Comestibles
 r - a meat ration


   Skills:
 + Level 0.8 Fighting
 + Level 0.2 Maces & Flails
 + Level 2.0 Slings
 + Level 2.5 Dodging
 + Level 2.2 Stealth
 + Level 0.2 Unarmed Combat
 + Level 3.0 Spellcasting
 * Level 3.0 Conjurations
 + Level 4.2 Fire Magic


You had 9 spell levels left.
You knew the following spells:

 Your Spells              Type           Power        Failure   Level  Hunger
a - Flame Tongue          Conj/Fire      ##...        6%          1    #......


Dungeon Overview and Level Annotations

Branches:
Dungeon (3/15)

Altars:


Innate Abilities, Weirdness & Mutations

You have a beak for a mouth.
You have claws for feet.
You can fly.


Message History

The kobold is moderately wounded.
The kobold hits you but does no damage.
You closely miss the kobold. Your kick misses the kobold.
The kobold is moderately wounded.
The kobold barely misses you. x2
You miss the kobold.
The kobold is moderately wounded.
The kobold hits you with a short sword.
* * * LOW HITPOINT WARNING * * *
You miss the kobold.
The kobold is moderately wounded.
The kobold hits you with a short sword.
* * * LOW HITPOINT WARNING * * *
You miss the kobold. You claw the kobold, but do no damage.
The kobold is moderately wounded.
The kobold barely misses you. The kobold hits you but does no damage.
You closely miss the kobold.
The kobold is moderately wounded.
The kobold hits you with a short sword.
You die...

##.. ##... #....
#.... ## #### #....
.# #...# #....
##.#..#..# #....
#.#K.###..# ##<..
##.@##.##..## ##...
#..##...##..####....
#........##...##....
#..##...##..#.......
##..##.##..#####....
#.#..###..#.# #....
##†#..#..#.## ##...
#.#.#...#.#.# ##..
############# ###


You could see a kobold.

Vanquished Creatures
  A bullfrog (D:3)
  An orc wizard (D:3)
  An adder skeleton (D:3)
  2 worms (D:2)
  A dart slug (D:2)
  3 leopard geckos (D:2)
  3 orcs (D:3)
  4 ball pythons
  5 bats
  5 giant cockroaches (D:1)
  10 goblins
  7 hobgoblins
  4 jackals
  2 frilled lizards
  7 kobolds
  7 rats
63 creatures vanquished.

Notes
Turn   | Place    | Note
-------+----------+-------------------------------------------
     0 | D:1      | Icer the Tengu Fire Elementalist began the quest for the Orb.
     0 | D:1      | Reached XP level 1. HP: 10/10 MP: 4/4
   683 | D:1      | Reached XP level 2. HP: 9/15 MP: 3/6
  1042 | D:1      | Reached XP level 3. HP: 18/19 MP: 1/7
  1645 | D:2      | Reached skill level 4 in Fire Magic
  1889 | D:2      | Reached XP level 4. HP: 24/24 MP: 5/9
  2205 | D:3      | Reached skill level 1 in Slings
  2764 | D:3      | Noticed a bullfrog
  2773 | D:3      | Killed a bullfrog
  2773 | D:3      | Gained mutation: You can fly. [Tengu growth]
  2773 | D:3      | Reached XP level 5. HP: 9/28 MP: 0/10
  2800 | D:3      | HP: 1/28 [kobold/short sword (1)]
  2802 | D:3      | Slain by a kobold

Vault maps used:
D:1:      dpeg_cavernosity
D:3:      minmay_diamond_boxcup, nicolae_overflow_hidden_temple,
          chequers_ecumenical_altar_grove

Skill      XL: |  1  2  3  4 |
---------------+-------------+-----
Conjurations   | 2 3 |  3.0
Fire Magic     | 4 |  4.2
Slings         | 2 |  2.0
Spellcasting   | 3 |  3.0
Fighting       | |  0.8
Maces & Flails | |  0.2
Dodging        | |  2.5
Stealth        | |  2.2
Unarmed Combat | |  0.2

Action                   |  1- 3 |  4- 6 || total
-------------------------+-------+-------++-------
Melee: Unarmed           |    61 |       ||    61
       Kick              |    17 |     2 ||    19
       Peck              |     5 |     1 ||     6
       Club              |       |    16 ||    16
 Fire: Hunting sling     |       |    56 ||    56
 Cast: Flame Tongue      |    63 |    34 ||    97
  Use: Scroll            |     7 |       ||     7
       Potion            |     3 |       ||     3
 Stab: Sleeping          |     1 |       ||     1
  Eat: Royal jelly       |     1 |       ||     1
       Bread ration      |     1 |       ||     1
Armor: Robe              |    23 |    21 ||    44
Dodge: Dodged            |    68 |    38 ||   106
